 Dungeon Crawl Stone Soup version 0.29-a0-322-g68df515428 (webtiles) character file.

Game seed: 6036119086744931545

27 GigaChad the Skirmisher (level 2, -9/24 HPs)
             Began as a Demonspawn Chaos Knight on Apr 8, 2022.
             Was a Plaything of Xom.
             Mangled by an ogre
             ... wielding a +0 giant club
              (22 damage)
             ... on level 2 of the Dungeon.
             The game lasted 00:03:19 (559 turns).

GigaChad the Skirmisher (Demonspawn Chaos Knight)    Turns: 559, Time: 00:03:20

Health: -9/24      AC:  5    Str: 12    XL:     2   Next: 93%
Magic:  2/2        EV:  8    Int: 13    God:    Xom [..*...]
Gold:   30         SH:  5    Dex: 12    Spells: 1/1 levels left

rFire   . . .      SeeInvis .   a - +0 falchion (vamp)
rCold   . . .      Faith    .   (no shield)
rNeg    . . .      Spirit   .   b - +2 leather armour
rPois   .          Reflect  +   (no helmet)
rElec   .          Harm     .   (no cloak)
rCorr   .          Rampage  .   (no gloves)
Will    .....                   (no boots)
Stlth   +.........              e - amulet of reflection
HPRegen 0.08/turn               (no ring)
MPRegen 0.08/turn               (no ring)

@: hasted, constricted, very quick
A: hooves 1
a: Renounce Religion


You were on level 2 of the Dungeon.
You worshipped Xom.
You were a toy of Xom.
You visited 1 branch of the dungeon, and saw 2 of its levels.

You collected 30 gold pieces.

Inventory:

Hand Weapons
 a - a +0 vampiric falchion (weapon)
Armour
 b - a +2 leather armour (worn)
Jewellery
 e - an amulet of reflection (around neck)
Potions
 f - a potion of ambrosia {unknown}
 g - a potion of berserk rage {unknown}
 h - 2 potions of curing {unknown}
Miscellaneous
 c - a piece from Xom's chessboard (15/15) (quivered)


   Skills:
 + Level 3.4 Fighting
 + Level 3.2 Long Blades
 + Level 2.0 Armour
 + Level 1.0 Dodging


You had one spell level left.
You didn't know any spells.
Your spell library was empty.

Dungeon Overview and Level Annotations

Branches:
Dungeon (2/15)

Altars:


Innate Abilities, Weirdness & Mutations

You have large cloven feet.


Message History

You see here a ball python corpse.
Key pressed, stopping explore. "How about this?"
Your smoky cyan potion briefly vibrates.
There is a stone staircase leading down here.
You climb downwards.
The ogre shouts!
Found a stone staircase leading down.
There is a stone staircase leading up here.
The adder closely misses you.
The ball python hisses angrily.
You closely miss the adder. Your kick misses the adder.
The adder closely misses you. The ball python bites you.
The ball python grabs you. The ball python constricts you.
You hit the adder.
You feel better.
You kick the adder.
The adder is almost dead. "Go forth and destroy!"
You feel yourself speed up. The adder bites you. The ball python bites you.
The ball python constricts you. The adder barely misses you.
You closely miss the adder. Your kick misses the adder.
The adder is almost dead.
You block the ball python's attack. The ball python constricts you.
The adder barely misses you. The ogre hits you with a +0 giant club!
You miss the adder. Your kick misses the adder.
The adder is almost dead.
The ball python bites you. The ball python constricts you. The adder bites you.
* * * LOW HITPOINT WARNING * * *
You are lethally poisoned!
The adder poisons you!
You hit the ogre. You kick the ogre, but do no damage.
The ogre is lightly wounded.
* * * LOW HITPOINT WARNING * * *
You feel sick. Xom smiles on you.
You feel better. You block the ball python's attack.
The ball python constricts you. The adder barely misses you.
The ogre hits you with a +0 giant club!!
Ouch! That really hurt!
You die...
Xom thinks this is hilarious!

#. #. ##.
###..###
#......# .#
#......###...#
#.....S.....#
#....S@#
#>....O#
#......#
...#...##
.#...#. ###...
#.#. .## #


You could see an ogre, an adder and a ball python.

Vanquished Creatures
  A dart slug (D:1)
  5 ball pythons (D:1)
  A bat (D:1)
  3 endoplasms (D:1)
  A giant cockroach (D:1)
  3 goblins (D:1)
  3 jackals (D:1)
  A kobold (D:1)
  A frilled lizard (D:1)
  3 rats (D:1)
22 creatures vanquished.

Notes
Turn   | Place    | Note
-------+----------+-------------------------------------------
     0 | D:1      | GigaChad the Demonspawn Chaos Knight began the quest for
                  | the Orb.
     0 | D:1      | Reached XP level 1. HP: 18/18 MP: 1/1
   165 | D:1      | Discovered your monstrous ancestry.
   165 | D:1      | Gained mutation: You have large cloven feet. [demonic
                  | ancestry]
   165 | D:1      | Reached XP level 2. HP: 16/24 MP: 2/2
   372 | D:1      | XOM: noise
   375 | D:1      | XOM: cast spell 'Summon Small Mammal'
   390 | D:1      | Reached skill level 1 in Dodging
   543 | D:1      | XOM: silly message
   553 | D:2      | Noticed an ogre
   556 | D:2      | XOM: potion effect (haste)
   559 | D:2      | XOM: potion effect (curing)
   559 | D:2      | Mangled by an ogre

Illustrated notes

Levels and vault maps discovered:
D:1:      psy_arrival_dodecagon, layout_loops_ring, minmay_nonomino_d4
D:2:      layout_rooms, serial_shops, nicolae_shop_window_shopping

Skill      XL: |  1  2 |
---------------+-------+-----
Long Blades    | 3 |  3.2
Armour         | 2 |  2.0
Dodging        | 1 |  1.0
Fighting       | |  3.4

Action                   || total
-------------------------++-------
Melee: Falchion          ||    56
       Kick              ||    11
  Use: Scroll            ||     3
Armor: Leather armour    ||    38
Dodge: Dodged            ||    46
Block: Other             ||    14

Table legend: (Time is in decaauts)
 A = Elapsed time spent in this place.
 B = Non-inter-level travel time spent in this place.
 C = Inter-level travel time spent in this place.
 D = Time resting spent in this place.
 E = Time spent auto-exploring this place.
 F = Levels seen in this place.
 G = Mean time per level.
                   A        B        C        D        E       F      G
               +--------+--------+--------+--------+--------+-----+--------+
         Total |    566 |    566 |      0 |      0 |    146 |   2 |  283.0 |
       Dungeon |    566 |    566 |      0 |      0 |    146 |   2 |  283.0 |
               +--------+--------+--------+--------+--------+-----+--------+

Top non-repeatable levels by time:
     D:1: 560 daAuts
     D:2: 5 daAuts
